 Dungeon Crawl Stone Soup version 0.27.1-1-g398f81649c (webtiles) character file.

Game seed: 15987396255766225299

408 speeev33 the Skirmisher (level 6, 0/56 HPs)
             Began as a Hill Orc Fighter on Sept 12, 2021.
             Slain by a scorpion (6 damage)
             ... on level 4 of the Dungeon.
             The game lasted 00:04:53 (3221 turns).

speeev33 the Skirmisher (Hill Orc Fighter)          Turns: 3221, Time: 00:04:53

Health: 0/56       AC:  8    Str: 21    XL:     6   Next: 88%
Magic:  6/6        EV:  7    Int:  8    God:
Gold:   78         SH: 10    Dex: 10    Spells: 5/5 levels left

rFire    . . .     SeeInvis .   a - +0 war axe
rCold    . . .     Faith    .   c - +0 kite shield
rNeg     . . .     Spirit   .   b - +0 scale mail
rPois    .         Reflect  .   (no helmet)
rElec    .         Harm     .   h - +0 cloak
rCorr    .         Rampage  .   (no gloves)
Will     .....                  (no boots)
Stlth    ..........             (no amulet)
HPRegen  0.18/turn              (no ring)
MPRegen  0.10/turn              (no ring)

@: lethally poisoned (0 -> -6)
A: no striking features
a: no special abilities


You were on level 4 of the Dungeon.
You visited 1 branch of the dungeon, and saw 4 of its levels.

You collected 78 gold pieces.

Inventory:

Hand Weapons
 a - a +0 war axe (weapon)
Missiles
 f - 6 curare-tipped darts (quivered)
Armour
 b - a +0 scale mail (worn)
 c - a +0 kite shield (worn)
 h - a +0 cloak (worn)
Potions
 d - 2 potions of curing
 e - a potion of degeneration
 g - a potion of heal wounds
 i - a potion of flight
 j - a potion of haste {unknown}


   Skills:
 + Level 5.5 Fighting
 + Level 5.2 Axes
 + Level 4.9 Armour
 + Level 5.0 Shields


You had 5 spell levels left.
You didn't know any spells.
Your spell library contained the following spells:

 Spells                   Type           Power      Damage    Failure   Level
 Sublimation of Blood     Necr           0%         N/A       99%         2
 Petrify                  Tmut/Erth      0%         N/A       100%        4
 Irradiate                Conj/Tmut      0%         3d14      100%        5


Dungeon Overview and Level Annotations

Branches:
Dungeon (4/15)
 Temple: D:4-7

Altars:


Message History

You block the black bear's attack.
The black bear claws you but does no damage.
You block the scorpion's attack. The black bear closely misses you.
The black bear claws you.
The black bear claws you but does no damage.
You slash the black bear!
The black bear is severely wounded.
You hit the scorpion. You block the scorpion's attack.
The black bear bites you but does no damage.
You block the black bear's attack.
The black bear claws you but does no damage.
The scorpion stings you but does no damage.
You hit the black bear.
The black bear is almost dead.
You hit the scorpion. You block the scorpion's attack.
The black bear bites you but does no damage.
You block the black bear's attack.
The black bear claws you but does no damage.
The scorpion stings you.
You are poisoned.
The scorpion poisons you! The black bear barely misses you.
The black bear claws you.
* * * LOW HITPOINT WARNING * * *
The black bear claws you.
* * * LOW HITPOINT WARNING * * *
You slash the black bear!
You kill the black bear!
You barely miss the scorpion.
* * * LOW HITPOINT WARNING * * *
You feel very sick.
The scorpion stings you but does no damage.
You block the scorpion's attack.
Your Axes skill increases to level 5!
Your Shields skill increases to level 5!
You hit the scorpion.
The scorpion is lightly wounded.
* * * LOW HITPOINT WARNING * * *
You feel very sick. The scorpion stings you.
You die...

#...#...........
#..###........#
#..#.........#
#.##....#...##.
#.).....#......
##.#.......?...
#.#....)......
#.#...........
#.#...@.......
.^#...s....#..
.##.#..∩..##
.#..##!....!
#..##........
... <........
#.. #........
#........


You could see a scorpion.

Vanquished Creatures
  2 black bears
  Jessica (D:2)
  Natasha (twice) (D:2 D:1)
  An orc wizard (D:3)
  7 adders
  A worm (D:3)
  A dart slug (D:1)
  4 orcs
  4 endoplasms
  6 goblins
  2 hobgoblins
  A quokka (D:1)
  4 ball pythons
  11 bats
  3 frilled lizards
  A jackal skeleton (D:4)
  8 kobolds
  6 rats
65 creatures vanquished.

Notes
Turn   | Place    | Note
-------+----------+-------------------------------------------
     0 | D:1      | speeev33 the Hill Orc Fighter began the quest for the Orb.
     0 | D:1      | Reached XP level 1. HP: 19/19 MP: 1/1
   264 | D:1      | Reached XP level 2. HP: 27/27 MP: 2/2
   533 | D:1      | Reached XP level 3. HP: 33/33 MP: 3/3
   676 | D:2      | Noticed Natasha
   678 | D:2      | Noticed Jessica
   966 | D:2      | Killed Jessica
   968 | D:2      | Killed Natasha
   969 | D:2      | Reached XP level 4. HP: 15/41 MP: 4/4
  1016 | D:2      | Noticed Natasha
  1225 | D:2      | HP: 1/41 [Natasha/magic dart (5)]
  1230 | D:1      | Killed Natasha
  1589 | D:2      | Found a faded altar of an unknown god.
  1774 | D:2      | Reached XP level 5. HP: 43/47 MP: 5/5
  2777 | D:3      | Reached skill level 5 in Fighting
  2953 | D:4      | Noticed a black bear
  2970 | D:3      | Killed a black bear
  2971 | D:3      | Reached XP level 6. HP: 26/56 MP: 6/6
  3206 | D:4      | Noticed a black bear
  3220 | D:4      | Killed a black bear
  3221 | D:4      | Reached skill level 5 in Axes
  3221 | D:4      | Reached skill level 5 in Shields
  3221 | D:4      | Slain by a scorpion

Illustrated notes

Levels and vault maps discovered:
D:1:      dpeg_arrival_simpleton_b, layout_basic
D:2:      layout_rooms, hellmonk_ecumenical_altar_heavens_door, uniq_jessica,
          uniq_natasha
D:3:      layout_rooms
D:4:      layout_cave_pools, abandoned_shop, nzn_random_ring

Skill      XL: |  1  2  3  4  5  6 |
---------------+-------------------+-----
Axes           | 3 4 5 |  5.2
Fighting       | 4 5 |  5.5
Shields        | 4 5 |  5.0
Armour         | 4 |  4.9

Action                   |  1- 3 |  4- 6 || total
-------------------------+-------+-------++-------
Melee: War axe           |    71 |   121 ||   192
  Use: Scroll            |     4 |     4 ||     8
       Potion            |       |     2 ||     2
Armor: Scale mail        |    56 |   102 ||   158
Dodge: Dodged            |    40 |    55 ||    95
Block: Kite shield       |    61 |   111 ||   172
